cohdb
Replays
Latest Replays
All Replays
Popular Replays
Top Player Replays
Match Explorer
How It Works
Community
CoH3 Stats
Reddit
Sign in to upload your games and track your stats! →
Sign in with Steam
Match 41888377
Unlisted
Match 41888377
Overview
Messages
Build Orders
End
Panzergrenadier Squad
Panzergrenadier Squad
250 Light Carrier
Construct Light Support Kompanie
Selects Panzerjäger Kommand Battlegroup
MG34 Team
Selects Mine Fields
Selects GrB 39 Grenade Launcher Requisition
Fire Support Elements
Panzerjäger Mechanized Group
Combat Half-tracks
Pak 38 Anti-tank Gun Team
Flakvierling Half-track
Assault Grenadier Squad
Selects Crew Shock Tactics
Selects Defensive Positions
Vehicle Survival Package
Pak 38 Mechanized Group
Selects Butterfly Bomb Drop
Butterfly Bomb Drop
Construct Panzerarmee Kommand
Walking Stuka Rocket Launcher
2.5-tonne Medical Truck
Butterfly Bomb Drop
Veteran Squad Leaders
Armored Reserves
Emergency Repair Kits
Tiger Heavy Tank
Rapid Advance
Selects Anti-tank Overwatch
Pak 38 Anti-tank Gun Team
Selects Anti-tank Overwatch
Anti-tank Overwatch
Panzer IV Assault Group
Sparkle
Mo-J
Wheeler
Chief
Forticon
[VELI] Frybeer
0
0
Comments
sign in to comment!
No comments posted yet!